 Dungeon Crawl Stone Soup version 0.31-a0-1338-gb567cfdca4 (webtiles) character file.

Game seed: 4943788111470501022

529 croobank the Ruffian (level 6, -3/51 HPs)
             Began as a Demigod Shapeshifter on Dec 21, 2023.
             Slain by a scorpion (6 damage)
             ... on level 5 of the Dungeon.
             The game lasted 00:10:49 (4360 turns).

croobank the Ruffian (Demigod Shapeshifter)         Turns: 4360, Time: 00:10:50

Health: -3/51      AC:  5    Str: 21    XL:     6   Next: 72%
Magic:  8/8        EV: 12    Int: 20    God:
Gold:   111        SH:  0    Dex: 13    Spells: 5/5 levels left

rFire   . . .        a - +0 spear
rCold   . . .        (no shield)
rNeg    + . .        u - +0 ring mail
rPois   .            s - melded +0 helmet
rElec   .            (cloak currently unavailable)
rCorr   .            (gloves currently unavailable)
SInv    .            (boots currently unavailable)
Will    .....        (no amulet)
Stlth   +            i - ring of positive energy
HPRegen 0.28/turn    n - +6 ring of strength
MPRegen 0.11/turn

%: no passive effects
@: lethally poisoned (-3 -> -13), beast-form, hasted, very quick
A: beast (slay +2), high MP 1, forlorn, divine attributes
a: Begin Untransformation


You were on level 5 of the Dungeon.
You were a hulking beast.
You visited 1 branch of the dungeon, and saw 5 of its levels.

You collected 111 gold pieces.

Inventory:

Hand Weapons
 a - a +0 spear (weapon)
 b - a +0 orcbow
 e - a +0 flail of holy wrath
 k - a +0 dagger
 r - a +0 short sword
 t - a +0 sling
Missiles
 p - 2 poisoned darts
 q - a curare-tipped dart (quivered)
Armour
 s - a +0 helmet (melded)
 u - a +0 ring mail (worn)
Jewellery
 g - a ring of positive energy
 i - a ring of positive energy (left hand)
 n - a +6 ring of strength (right hand)
Talismans
 c - a beast talisman (active)
 d - a flux talisman
Wands
 f - a wand of paralysis (4)
Scrolls
 m - a scroll of noise
Potions
 h - a potion of enlightenment {unknown}
 j - 2 potions of might {unknown}
 l - 2 potions of haste
 o - a potion of cancellation {unknown}
 w - a potion of degeneration {unknown}


   Skills:
 + Level 3.3 Fighting
 + Level 3.7 Dodging
 + Level 4.2 Unarmed Combat
 + Level 4.1 Shapeshifting


You had 5 spell levels left.
You didn't know any spells.
Your spell library contained the following spells:

 Spells                   Type           Power      Damage    Failure   Level
 Volatile Blastmotes      Fire/Tloc      0%         2d10      67%         3
 Fulminant Prism          Conj/Alch      0%         3d5       97%         4
 Iskenderun's Mystic Bla  Conj/Tloc      0%         2d3       97%         4


Dungeon Overview and Level Annotations

Branches:
Dungeon (5/15)             Temple (0/1) D:4


Innate Abilities, Weirdness & Mutations

You are a hulking beast.
Your limbs bulge with bestial killing power. (Slay +2)
You have an increased reservoir of magic. (+10% MP)
You shall have no god before yourself.
Your divine heritage dramatically boosts your attributes as you level up.


Message History

You hit the hound.
You kill the hound!
You feel sick. The scorpion stings you.
You closely miss the scorpion.
You feel sick. The scorpion closely misses you.
You completely miss the scorpion.
You feel sick. The scorpion barely misses you. The scorpion stings you.
You hit the scorpion.
The scorpion is lightly wounded.
You feel sick. The scorpion stings you.
You are more poisoned.
The scorpion poisons you!
You hit the scorpion.
The scorpion is moderately wounded.
You feel very sick. The scorpion stings you.
You are too injured to fight recklessly!
You are too injured to fight recklessly!
You barely miss the scorpion.
The scorpion is moderately wounded.
You feel sick. The scorpion stings you.
* * * LOW HITPOINT WARNING * * *
The scorpion misses you.
You puncture the scorpion!
The scorpion is almost dead.
You feel sick.
The scorpion stings you but does no damage.
You hit the scorpion but do no damage.
The scorpion is almost dead.
You feel sick. The scorpion misses you.
You hit the scorpion but do no damage.
The scorpion is almost dead.
You feel sick. The scorpion stings you.
* * * LOW HITPOINT WARNING * * *
You are lethally poisoned!
The scorpion poisons you! The scorpion barely misses you.
It was a potion of haste.
You feel yourself speed up.
* * * LOW HITPOINT WARNING * * *
You feel very sick. The scorpion stings you.
You die...

###### ######....##
####..........#### #
#................##...
#..............s..<...
#............h...#
#..........###..#
##......## ....
#.....## .... ##..####
>.. ###..## .#
##...##### #
#........######
##.........)...#


You could see a scorpion.

Vanquished Creatures
  A black bear (D:4)
  An ogre (D:5)
  A phantom (D:5)
  2 hounds (D:5)
  An orc priest (D:4)
  2 orc wizards
  8 adders
  A worm (D:5)
  8 orcs
  5 endoplasms
  3 giant cockroaches (D:1)
  5 hobgoblins
  5 jackals
  A quokka (D:1)
  6 ball pythons
  10 bats
  2 frilled lizards
  3 goblins
  6 kobolds
  4 rats
75 creatures vanquished.

Notes
Turn   | Place    | Note
-------+----------+-------------------------------------------
     0 | D:1      | croobank the Demigod Shapeshifter began the quest for the
                  | Orb.
     0 | D:1      | Reached XP level 1. HP: 15/15 MP: 3/3
   127 | D:1      | Reached skill level 1 in Fighting
   625 | D:1      | Reached XP level 2. HP: 21/23 MP: 4/4
  1224 | D:2      | Reached XP level 3. HP: 7/28 MP: 5/5
  2415 | D:3      | Reached XP level 4. HP: 36/36 MP: 6/6
  3337 | D:4      | Noticed a steam dragon
  3386 | D:4      | Reached XP level 5. HP: 37/42 MP: 7/7
  3477 | D:4      | Found a staircase to the Ecumenical Temple.
  3560 | D:4      | Noticed a black bear
  3571 | D:4      | Killed a black bear
  3734 | D:5      | Entered Level 5 of the Dungeon
  3912 | D:5      | Reached XP level 6. HP: 50/51 MP: 8/8
  4360 | D:5      | Slain by a scorpion

Illustrated notes

Levels and vault maps discovered:
D:1:      dpeg_arrival_pits, layout_loops_ring,
          hellmonk_ecumenical_altar_arch_garden, grunt_decor_mini_mirrors,
          serial_bayou_lake_a
D:2:      layout_loops_ring, dreamdust_mushroom_princess
D:3:      layout_basic, mainiacjoe_overflow_brackets
D:4:      layout_cave_pods, nicolae_ru_path_of_blood, temple_green
D:5:      layout_cave_pods, gammafunk_temple_overflow_elements,
          corexii_corridor_pit

Skill      XL: |  1  2  3  4  5  6 |
---------------+-------------------+-----
Fighting       | 1 2 3 |  3.3
Dodging        | 2 3 |  3.7
Unarmed Combat | 3 4 |  4.2
Shapeshifting  | 3 4 |  4.1

Action                     |  1- 3 |  4- 6 || total
---------------------------+-------+-------++-------
  Melee: Unarmed           |    23 |       ||    23
         Spear             |   164 |   179 ||   343
         Punch             |     5 |     3 ||     8
  Throw: Dart              |       |     6 ||     6
  Evoke: Wand              |       |     3 ||     3
    Use: Scroll            |       |     7 ||     7
         Potion            |       |     3 ||     3
   Stab: Sleeping          |     2 |       ||     2
         Paralysed         |       |     6 ||     6
 Armour: Leather armour    |    82 |       ||    82
         Skin              |     2 |     4 ||     6
         Ring mail         |       |   138 ||   138
  Dodge: Dodged            |   106 |   102 ||   208
   Form: Beast             |     2 |       ||     2
                           |     1 |       ||     1

Table legend: (Time is in decaauts)
 A = Elapsed time spent in this place.
 B = Non-inter-level travel time spent in this place.
 C = Inter-level travel time spent in this place.
 D = Time resting spent in this place.
 E = Time spent auto-exploring this place.
 F = Levels seen in this place.
 G = Mean time per level.
                   A        B        C        D        E       F      G
               +--------+--------+--------+--------+--------+-----+--------+
         Total |   4428 |   4353 |     75 |   1201 |   2167 |   5 |  885.6 |
       Dungeon |   4428 |   4353 |     75 |   1201 |   2167 |   5 |  885.6 |
               +--------+--------+--------+--------+--------+-----+--------+

Top non-repeatable levels by time:
     D:1: 1128 daAuts
     D:3: 1025 daAuts
     D:2: 904 daAuts
     D:4: 734 daAuts
     D:5: 636 daAuts
